 Dungeon Crawl Stone Soup version 0.20.0-1-g1cb1d84 (webtiles) character file.

384 Inarius the Stinger (level 6, 0/46 HPs)
             Began as a Draconian Venom Mage on May 26, 2017.
             Was an Initiate of Vehumet.
             Killed from afar by amentoraz's ghost (7 damage)
             ... with a flame tongue
             ... on level 4 of the Dungeon.
             The game lasted 00:15:52 (4986 turns).

Inarius the Stinger (Draconian Venom Mage)          Turns: 4986, Time: 00:15:53

Health: 0/46       AC: 10    Str: 10    XL:     6   Next: 47%
Magic:  11/11      EV: 13    Int: 17    God:    Vehumet [......]
Gold:   232        SH:  0    Dex: 12    Spells: 2/12 levels left

rFire    . . .     SeeInvis .   e - +0 short sword
rCold    + . .     Gourm    .   (no shield)
rNeg     . . .     Faith    .   (armour unavailable)
rPois    .         Spirit   .   (helmet restricted)
rElec    .         Reflect  .   (no cloak)
rCorr    .         Harm     .   (no gloves)
MR       .....                  (no boots)
Stlth    ++........             (no amulet)
Regen    0.2/turn               r - ring of protection from cold
MPRegen  0.2/turn               h - +4 ring of protection

@: no status effects
A: unfitting armour, cold-blooded, AC +6
a: Renounce Religion


You were on level 4 of the Dungeon.
You worshipped Vehumet.
Vehumet was noncommittal.
You were not hungry.

You visited 1 branch of the dungeon, and saw 4 of its levels.

You collected 232 gold pieces.

Inventory:

Hand Weapons
 e - a +0 short sword (weapon)
Jewellery
 f - an uncursed ring of poison resistance
 h - a +4 ring of protection (right hand)
 j - an uncursed ring of protection from cold
 r - a ring of protection from cold (left hand)
Wands
 p - a wand of confusion (22/48)
 q - a wand of polymorph (13/24)
Scrolls
 d - 3 scrolls of amnesia
 g - 8 scrolls of remove curse
 k - a scroll of fear {unknown}
 n - a scroll of noise {unknown}
Potions
 i - a potion of curing
 m - a potion of cancellation
Books
 a - a Young Poisoner's Handbook

   Spells                             Type                      Level
   a - Sting                          Conjuration/Poison           1
   b - Poisonous Vapours              Poison/Air                   2
   c - Mephitic Cloud                 Conjuration/Poison/Air       3
   d - Olgreb's Toxic Radiance        Poison                       4
   e - Venom Bolt                     Conjuration/Poison           5
 o - Vehumet's Grimoire of Confrontation
   (You found it on level 4 of the Dungeon)

   Spells                             Type                      Level
   a - Magic Dart                     Conjuration                  1
Comestibles
 b - a bread ration
 c - 5 fruits


   Skills:
 + Level 0.7 Fighting
 - Level 1.1 Short Blades
 + Level 2.6 Dodging
 - Level 1.7 Stealth
 + Level 3.6 Spellcasting
 + Level 1.7 Conjurations
 + Level 2.6 Air Magic
 + Level 4.8 Poison Magic


You had 2 spell levels left.
You knew the following spells:

 Your Spells              Type           Power        Failure   Level  Hunger
a - Sting                 Conj/Pois      ##..         4%          1    None
b - Poisonous Vapours     Pois/Air       ###...       5%          2    ##.....
c - Mephitic Cloud        Conj/Pois/Air  ##......     14%         3    ###....
d - Olgreb's Toxic Radia  Pois           ###.....     22%         4    ####...


Dungeon Overview and Level Annotations

Branches:
Dungeon (4/15)             Temple (0/1) D:4

Altars:
Kikubaaqudgha
Nemelex Xobeh
Sif Muna
Uskayaw
Vehumet
Yredelemnul

Annotations:
D:4 amentoraz's ghost, amateur DEFE


Innate Abilities, Weirdness & Mutations

Your plain brown scales are hard. (AC +6)
You cannot fit into any form of body armour.
You are cold-blooded and may be slowed by cold attacks.


Message History

Amentoraz's ghost is heavily damaged.
Amentoraz's ghost closely misses you.
You bump into the rock wall.
Amentoraz's ghost lets out a mournful wail.
Amentoraz's ghost hits you.
* * * LOW HITPOINT WARNING * * *
You bump into the rock wall.
Amentoraz's ghost hits you.
* * * LOW HITPOINT WARNING * * *
You bump into the rock wall.
Amentoraz's ghost's inner flame fades away.
Amentoraz's ghost closely misses you.
You bump into the rock wall.
Amentoraz's ghost barely misses you.
You bump into the rock wall.
Amentoraz's ghost hits you but does no damage.
You bump into the rock wall.
Amentoraz's ghost hits you but does no damage.
You feel less confused.
Amentoraz's ghost points at you and mumbles some strange words.
The flame tongue hits you!
You die...

#.................#
#.#############.#.###########
####.### #### #.#...........##
#8##...##8# .. #.###...........
..#.⌠.#...# #.# #)# #.#######.##
........._###.####.###.### #.#
..##.##...#.....##†#.....# #.##
8##...##8##.#.#.##W#.....#####...
##8...8####.....@................
##._.## #.#.#.##.#.....####.###
##### #.....##.#.....# #.# #.#
##.#.####.####### #.# #.####....#
#.# #.# #####.##......## #.# #.#
...............# #.# #.#
..............## #.# #.#
........#....## #.# #.###


You could see amentoraz's ghost.

Vanquished Creatures
  An ogre (D:3)
  An orc wizard (D:3)
  A hound (D:4)
  2 iguanas (D:4)
  2 worker ants (D:4)
  4 adders
  3 oozes
  4 worms
  2 dart slugs
  2 leopard geckos
  7 orcs (D:3)
  11 bats
  3 giant cockroaches
  7 goblins
  6 hobgoblins
  3 quokkas
  2 ball pythons (D:1)
  4 frilled lizards
  8 kobolds
  8 rats
81 creatures vanquished.

Vanquished Creatures (others)
  A golden eye (D:4)
1 creature vanquished.

Grand Total: 82 creatures vanquished

Notes
Turn   | Place    | Note
-------+----------+-------------------------------------------
     0 | D:1      | Inarius the Draconian Venom Mage began the quest for the Orb.
     0 | D:1      | Reached XP level 1. HP: 14/14 MP: 3/3
   211 | D:1      | Reached XP level 2. HP: 20/20 MP: 3/5
  1134 | D:2      | Learned a level 2 spell: Poisonous Vapours
  1357 | D:2      | Reached XP level 3. HP: 26/26 MP: 3/6
  1822 | D:2      | Found a basalt altar of Yredelemnul.
  2325 | D:2      | Learned a level 3 spell: Mephitic Cloud
  2412 | D:2      | Found a sparkling altar of Nemelex Xobeh.
  2427 | D:2      | Found a hide-covered altar of Uskayaw.
  2571 | D:3      | Reached XP level 4. HP: 32/33 MP: 0/7
  2725 | D:3      | Reached skill level 1 in Air Magic
  2725 | D:3      | Reached skill level 4 in Poison Magic
  3482 | D:3      | Noticed an ogre
  3497 | D:3      | Killed an ogre
  3497 | D:3      | Reached skill level 1 in Short Blades
  3497 | D:3      | Reached XP level 5. HP: 39/39 MP: 0/9
  4321 | D:4      | Reached XP level 6. HP: 46/46 MP: 5/10
  4338 | D:4      | Learned a level 4 spell: Olgreb's Toxic Radiance
  4496 | D:4      | Found a radiant altar of Vehumet.
  4503 | D:4      | Identified Vehumet's Grimoire of Confrontation
  4506 | D:4      | Became a worshipper of Vehumet
  4509 | D:4      | Found an ancient bone altar of Kikubaaqudgha.
  4510 | D:4      | Found a deep blue altar of Sif Muna.
  4711 | D:4      | Found a staircase to the Ecumenical Temple.
  4830 | D:4      | Noticed amentoraz's ghost (amateur DEFE)
  4958 | D:4      | Noticed a golden eye
  4958 | D:4      | an ogre changed into a golden eye
  4966 | D:4      | Killed a golden eye
  4986 | D:4      | Killed from afar by amentoraz's ghost

Skill      XL: |  1  2  3  4  5 |
---------------+----------------+-----
Dodging        | 2 |  2.6
Air Magic      | 1 2 |  2.6
Poison Magic   | 4 |  4.8
Short Blades   | 1 |  1.1
Spellcasting   | 3 |  3.6
Fighting       | |  0.7
Stealth        | |  1.7
Conjurations   | |  1.7

Action                   |  1- 3 |  4- 6 || total
-------------------------+-------+-------++-------
Melee: Short sword       |    52 |   164 ||   216
       Tailslap          |     4 |    15 ||    19
 Cast: Sting             |    34 |       ||    34
       Poisonous Vapours |    18 |    51 ||    69
Evoke: Wand              |       |     3 ||     3
  Use: Scroll            |     4 |     4 ||     8
       Potion            |       |     1 ||     1
 Stab: Sleeping          |       |     1 ||     1
  Eat: Chunk             |     6 |     9 ||    15
       Fruit             |     1 |       ||     1
       Bread ration      |       |     1 ||     1
Armor: Skin              |    15 |    58 ||    73
Dodge: Dodged            |    32 |   102 ||   134
